Map: Ruins of Seras

Players

Serral

  • Race: Zerg Zerg
  • League: Grandmaster

Nerchio - Winner!

  • Race: Zerg Zerg
  • League: Grandmaster

Event: 2016 WCS Winter Challenger Europe

VOD

Have the link to the VOD?

Description

Time

  • Played on: Feb. 14, 2016, 11:33 a.m.
  • Length: 10:56

All games in this series

Show
View Real Time Build Order
Export as new Build Order

Serral Zerg 

Build Orders: Hatch First, Zergling Baneling 

Get SALT Encoding   

  12  0:00  Drone  
  13  0:12  Overlord  
  13  0:17  Drone  
  14  0:31  Drone x2  
  14  0:34  Drone  
  17  0:41  Extractor  
  17  0:53  Hatchery  
  16  0:57  Drone  
  16  1:00  Drone  
  16  1:01  Extractor  
  17  1:16  Spawning Pool  
  16  1:19  Drone  
  16  1:23  Drone  
  18  1:30  Drone  
  19  1:38  Overlord  
  19  2:03  Baneling Nest, Zergling x2, Queen  
  19  2:04  Zergling x2  
  19  2:07  Zergling x2  
  23  2:10  Spine Crawler  
  23  2:12  Zergling x2  
  23  2:18  Zergling x2  
  24  2:30  Metabolic Boost  
  24  2:32  Zergling x6  
  28  2:41  Zergling x2  
  29  2:47  Baneling  
  29  2:48  Baneling  
  29  2:58  Drone x3  
  31  3:01  Drone  
  32  3:06  Drone  
  29  3:21  Baneling  
  29  3:22  Baneling  
  26  3:35  Drone  
  26  3:37  Drone  
  28  3:42  Drone  
  28  3:45  Drone  
  30  3:51  Drone  
  31  4:00  Queen  
  33  4:03  Drone  
  33  4:07  Drone  
  34  4:11  Drone  
  34  4:12  Baneling  
  35  4:33  Overlord  
  35  4:35  Spine Crawler  
  35  4:38  Zergling x4  
  36  4:44  Overlord  
  36  4:45  Baneling  
  36  4:47  Overlord  
  36  4:50  Baneling x2  
  36  4:53  Drone x5  
  36  4:54  Drone x2  
  40  5:10  Overlord  
  40  5:11  Drone x3  
  43  5:16  Overlord, Evolution Chamber  
  40  5:29  Hatchery  
  40  5:30  Zergling x6  
  40  5:35  Zergling x4  
  44  5:41  Baneling x3  
  44  5:42  Zergling x4  
  46  5:43  Zergling x2  
  46  5:46  Extractor  
  46  5:47  Baneling  
  46  5:48  Baneling  
  46  5:49  Overlord  
  46  5:52  Drone x2  
  46  5:54  Baneling x2  
  47  6:02  Drone, Roach Warren  
  47  6:04  Drone  
  47  6:10  Zergling x6  
  45  6:21  Zergling x8  
  45  6:24  Baneling  
  45  6:25  Baneling  
  47  6:31  Baneling x2  
  47  6:33  Zergling x12  
  52  6:42  Zergling x6  
  53  7:01  Roach  
  53  7:02  Roach x7  
  53  7:04  Roach  
  71  7:16  Hatchery  
  69  7:23  Zerg Missile Weapons Level 1  
  69  7:25  Roach x2  
  72  7:38  Roach x2  
  72  7:42  Overlord x2  
  76  7:48  Extractor  
  72  7:55  Roach x2  
  72  7:57  Overlord  
  76  8:02  Roach x3  
  76  8:04  Zergling x2  
  83  8:09  Zergling x4  
  84  8:15  Zergling x6  
  84  8:19  Ravager x2  
  89  8:22  Baneling  
  89  8:23  Baneling  
  89  8:25  Zergling x6  
  92  8:29  Zergling x4  
  93  8:47  Zergling x10  
  71  9:05  Queen  
  71  9:06  Drone  
  71  9:07  Drone x8  
  82  9:12  Ravager x2  
  82  9:13  Ravager  
  85  9:21  Lair  
  85  9:25  Drone x4  
  85  9:29  Drone  
  90  9:33  Drone x2  
  90  9:34  Drone  
  90  9:36  Baneling x2  
  93  9:39  Drone x2  
  95  9:48  Roach x2  
  99  9:58  Roach x3  
  97  10:02  Extractor  
  97  10:03  Extractor  
  97  10:04  Overlord x2, Drone  
  97  10:06  Roach  
  97  10:15  Overlord x3  
  97  10:25  Roach x3  
  102  10:35  Roach x3  
Show
View Real Time Build Order
Export as new Build Order

Nerchio Zerg - Winner!

Build Orders: Pool First 

Get SALT Encoding   

  12  0:00  Drone  
  13  0:08  Drone  
  13  0:14  Extractor  
  13  0:15  Drone  
  14  0:33  Spawning Pool  
  13  0:36  Drone  
  14  0:43  Extractor  
  14  0:44  Drone  
  15  0:52  Overlord  
  15  1:19  Queen  
  15  1:20  Zergling x6  
  20  1:28  Metabolic Boost  
  20  1:33  Zergling x2  
  21  1:42  Overlord  
  21  1:56  Drone  
  22  2:08  Hatchery  
  22  2:12  Drone  
  22  2:16  Zergling x2  
  23  2:25  Zergling x2  
  23  2:27  Zergling x4  
  26  2:31  Zergling x2  
  27  2:37  Drone  
  28  2:49  Overlord  
  28  2:59  Overlord  
  28  3:00  Drone x2  
  30  3:07  Queen  
  31  3:13  Zergling x2  
  27  3:21  Baneling Nest, Drone  
  27  3:29  Zergling x2  
  27  3:32  Drone x2  
  29  3:36  Zergling x2  
  29  3:40  Drone  
  31  3:46  Drone x2  
  33  3:48  Drone  
  33  3:53  Zergling x2  
  35  4:00  Zergling x2  
  36  4:05  Zergling x2  
  36  4:07  Baneling x4  
  36  4:08  Zergling x2  
  36  4:14  Drone  
  36  4:15  Drone x2  
  39  4:18  Drone  
  39  4:21  Drone  
  39  4:23  Drone  
  41  4:26  Drone  
  41  4:28  Drone  
  41  4:31  Drone  
  44  4:34  Drone  
  44  4:38  Drone  
  42  4:41  Zergling x2  
  42  4:42  Extractor  
  42  4:54  Zergling x2  
  42  4:56  Zergling x2  
  44  5:01  Zergling x4  
  44  5:02  Zergling x4  
  45  5:08  Zergling x4  
  45  5:10  Drone x2  
  48  5:22  Drone x2  
  48  5:27  Roach Warren  
  48  5:28  Drone x2, Zergling x2, Hatchery  
  46  5:30  Zergling x2  
  46  5:32  Zergling x2  
  48  5:35  Overlord  
  48  5:39  Drone  
  49  5:44  Baneling  
  49  5:53  Zergling x6  
  49  5:56  Overlord x2, Baneling x2  
  44  6:15  Roach x6  
  54  6:22  Roach  
  54  6:25  Baneling x2  
  55  6:29  Drone x4  
  55  6:31  Drone  
  60  6:38  Roach  
  61  6:40  Roach  
  61  6:41  Roach  
  65  6:51  Drone x5  
  67  6:55  Extractor  
  67  6:57  Evolution Chamber  
  67  6:58  Zergling x2  
  68  7:01  Zergling x4  
  68  7:03  Zergling x2  
  69  7:09  Drone x3  
  69  7:13  Baneling x2  
  69  7:14  Baneling  
  72  7:17  Baneling x2  
  72  7:20  Lair  
  72  7:25  Drone x3  
  72  7:27  Drone  
  72  7:29  Drone  
  77  7:30  Drone  
  77  7:32  Drone  
  77  7:35  Drone  
  77  7:36  Drone  
  80  7:37  Drone  
  80  7:40  Drone  
  82  7:45  Zerg Missile Weapons Level 1  
  82  7:47  Overlord  
  82  7:50  Overlord  
  80  7:53  Overlord, Baneling  
  80  8:03  Overlord  
  80  8:09  Roach x6  
  80  8:12  Roach  
  94  8:13  Baneling  
  94  8:14  Baneling x3  
  94  8:15  Baneling  
  96  8:20  Roach x3  
  96  8:22  Roach  
  96  8:24  Roach  
  96  8:25  Roach  
  106  8:27  Roach  
  106  8:30  Roach  
  106  8:32  Roach  
  106  8:33  Overlord  
  112  8:37  Overlord  
  108  8:45  Zergling x2  
  108  8:46  Zergling x4  
  108  8:47  Zergling x6  
  108  8:49  Zergling x4  
  108  8:51  Zergling x4  
  100  8:56  Drone x2  
  100  8:59  Drone  
  100  9:02  Glial Reconstitution  
  101  9:05  Ravager  
  101  9:06  Drone  
  101  9:07  Drone  
  101  9:08  Spire  
  103  9:10  Baneling x6  
  103  9:13  Roach  
  103  9:15  Queen  
  103  9:16  Roach  
  110  9:18  Ravager x2  
  110  9:19  Roach  
  110  9:24  Roach  
  116  9:28  Drone  
  116  9:30  Extractor  
  116  9:31  Drone, Extractor  
  116  9:32  Drone x3  
  116  9:33  Queen  
  116  9:37  Drone, Extractor  
  121  9:39  Ravager  
  121  9:41  Overlord  
  122  9:51  Overlord x2  
  120  9:54  Overlord x2  
  120  9:59  Drone  
  118  10:02  Drone  
  118  10:03  Drone x3  
  122  10:10  Roach x2  
  122  10:13  Roach  
  128  10:25  Roach x3  
  133  10:29  Hatchery, Roach  
  133  10:32  Roach  
  133  10:35  Roach x2  
Tags
 
Add a new tag
Caveats
  • Supply blocks, unpowered buildings, or Contaminate may cause inaccurate times.
  • Supply counts are checked every 10 seconds.